 Dungeon Crawl Stone Soup version 0.20.1-1-g8b1a95d (webtiles) character file.

129 sprush the Sneak (level 5, -2/35 HPs)
             Began as an Octopode Assassin on Nov 11, 2017.
             Was an Initiate of Gozag.
             Slain by an adder (3 damage)
             ... on level 4 of the Dungeon.
             The game lasted 00:31:59 (4009 turns).

sprush the Sneak (Octopode Assassin)                Turns: 4009, Time: 00:32:00

Health: -2/35      AC:  3    Str:  8 (10) XL:     5   Next: 12%
Magic:  5/5        EV: 10    Int: 13 (14) God:    Gozag
Gold:   181        SH:  6    Dex: 13 (14) Spells: 4/4 levels left

rFire    . . .     SeeInvis .   e - +0 hunting sling
rCold    . . .     Gourm    .   p - +0 shield
rNeg     . . .     Faith    +   (helmet restricted)
rPois    .         Spirit   .   h - amulet of faith
rElec    .         Reflect  .   (no ring)
rCorr    .         Harm     .   (no ring)
MR       +....                  (no ring)
Stlth    ++++......             (no ring)
Regen    0.2/turn               (no ring)
MPRegen  0.1/turn               (no ring)
                                (no ring)
                                (no ring)

@: lethally poisoned (-2 -> -5)
A: almost no armour, stealthy swim, amphibious, 8 rings, constrict 8, yellow
scales 1, camouflage 1, magic resistance 1, wild magic 1, gelatinous body 1,
evolution 1, no potion heal 1
a: Potion Petition, Call Merchant, Bribe Branch, Renounce Religion


You were on level 4 of the Dungeon.
You worshipped Gozag.
Gozag was aware of your devotion.
You were near starving.

You visited 1 branch of the dungeon, and saw 4 of its levels.

You collected 434 gold pieces.
You paid 253 gold pieces to Gozag.

Inventory:

Hand Weapons
 a - a +2 dagger
 b - a +0 blowgun
 e - a +0 hunting sling (weapon)
Missiles
 c - 20 poisoned needles
 d - 2 curare-tipped needles
 f - 3 tomahawks (quivered)
 k - 20 arrows
 o - 38 stones
 q - 50 bolts
Armour
 m - a +1 scale mail of magic resistance
 n - a +0 pair of gloves
 p - a +0 shield (worn)
Jewellery
 h - an amulet of faith (around mantle)
Wands
 t - a wand of random effects (27/48)
Scrolls
 g - 3 scrolls of remove curse {unknown}
 i - a scroll of teleportation {unknown}
 j - a scroll of noise {unknown}
 l - 3 scrolls of identify {unknown}
 u - a scroll of enchant weapon {unknown}
Potions
 s - a potion of lignification


   Skills:
 + Level 2.4 Fighting
 + Level 2.0 Short Blades
 + Level 1.1(2.3) Slings
 + Level 3.2(3.3) Throwing
 + Level 1.5 Dodging
 + Level 6.8 Stealth
 + Level 0.4 Shields


You had 4 spell levels left.
You didn't know any spells.

Dungeon Overview and Level Annotations

Branches:
Dungeon (4/15)
 Temple: D:4-7

Altars:
Gozag


Innate Abilities, Weirdness & Mutations

You cannot wear most types of armour.
You are very stealthy in the water. (Stealth+)
You are amphibious.
You can wear up to eight rings at the same time.
You can use your tentacles to constrict eight enemies at once.
Your skin changes colour to match your surroundings (Stealth+).
Your rubbery body absorbs attacks. (AC +1, EV +1)
You are partially covered in yellow scales. (AC +2)
You are resistant to hostile enchantments. (MR+)
Your spells are a little harder to cast, but a little more powerful.
You evolve.
Potions are less effective at restoring your health.


Message History

The adder poisons you!
The phantom blinks!
You block the adder's attack.
Throwing (i - inventory. (,) - cycle):
f - 5 tomahawks (quivered)
Press: ? - help, Shift-Dir - straight line, f/p - adder
Aim: an adder You throw a tomahawk.
The tomahawk closely misses the adder.
You feel sick. The adder bites you but does no damage.
Unknown command.
Throwing (i - inventory. (,) - cycle):
f - 4 tomahawks (quivered)
Press: ? - help, Shift-Dir - straight line, f/p - adder
Aim: an adder You throw a tomahawk.
The tomahawk closely misses the adder.
You feel sick. The adder bites you.
* * * LOW HITPOINT WARNING * * *
The phantom blinks!
The adder bites you but does no damage.
* * * LOW HITPOINT WARNING * * *
You feel sick. You block the adder's attack.
* * * LOW HITPOINT WARNING * * *
You feel sick. The adder bites you.
You die...
Your body crumbles into a pile of gold.

######### #.
##..(..(.# #.
#......((# #.
#..####(.# ##.
#(.####(.########..
#(.##..............
#(W##.#S.########..
#.S##.#..# ##.
#.@## #..# #.
#........# #.
###....(## ##'
.###.# ##.. .#⌠#.#
##... .###..#
##.... .......
#.<... .......
+..... #.....


You could see a phantom and an adder.

Vanquished Creatures
  5 adders
  An ooze (D:2)
  3 dart slugs
  4 leopard geckos
  6 orcs
  A ball python (D:3)
  7 bats
  2 giant cockroaches
  7 goblins
  5 hobgoblins
  A jackal (D:3)
  11 kobolds
  3 quokkas
  2 frilled lizards (D:2)
  5 rats
63 creatures vanquished.

Notes
Turn   | Place    | Note
-------+----------+-------------------------------------------
     0 | D:1      | sprush the Octopode Assassin began the quest for the Orb.
     0 | D:1      | Reached XP level 1. HP: 14/14 MP: 1/1
   271 | D:1      | Reached XP level 2. HP: 19/19 MP: 2/2
   355 | D:1      | Reached skill level 6 in Stealth
  1056 | D:2      | Found a faded altar of an unknown god.
  1094 | D:2      | Reached XP level 3. HP: 20/24 MP: 3/3
  1327 | D:2      | Reached XP level 4. HP: 10/29 MP: 4/4
  1649 | D:2      | Became a worshipper of Gozag Ym Sagoz the Greedy
  2491 | D:3      | Gained mutation: Your muscles are strong. (Str +2) [potion of mutation]
  2491 | D:3      | Gained mutation: Your spells are a little harder to cast, but a little more powerful. [potion of mutation]
  2491 | D:3      | Gained mutation: You evolve. [potion of mutation]
  2491 | D:3      | Gained mutation: Your muscles are very strong. (Str +4) [potion of mutation]
  2492 | D:3      | Lost mutation: You evolve. [potion of mutation]
  2492 | D:3      | Lost mutation: Your muscles are very strong. (Str +4) [potion of mutation]
  2492 | D:3      | Lost mutation: Your spells are a little harder to cast, but a little more powerful. [potion of mutation]
  2492 | D:3      | Lost mutation: Your muscles are strong. (Str +2) [potion of mutation]
  2492 | D:3      | Gained mutation: You evolve. [potion of mutation]
  2492 | D:3      | Gained mutation: Potions are less effective at restoring your health. [potion of mutation]
  2492 | D:3      | Gained mutation: You are partially covered in yellow scales. (AC +2) [potion of mutation]
  2492 | D:3      | Gained mutation: Your spells are a little harder to cast, but a little more powerful. [potion of mutation]
  3155 | D:3      | Reached XP level 5. HP: 20/35 MP: 5/5
  3892 | D:4      | Reached skill level 1 in Slings
  3955 | D:4      | Gained mutation: You are resistant to hostile enchantments. (MR+) [evolution]
  3980 | D:4      | Noticed a phantom
  4006 | D:4      | HP: 1/35 [poisoned by an adder]
  4009 | D:4      | Slain by an adder

Skill      XL: |  1  2  3  4  5 |
---------------+----------------+-----
Stealth        | 6 |  6.8
Throwing       | 3 |  3.2
Slings         | 1 |  1.1
Fighting       | |  2.4
Short Blades   | |  2.0
Dodging        | |  1.5
Shields        | |  0.4

Action                   |  1- 3 |  4- 6 || total
-------------------------+-------+-------++-------
Melee: Dagger            |    61 |    13 ||    74
       Constrict         |    10 |     2 ||    12
       Tentacles         |     6 |     3 ||     9
 Fire: Blowgun           |    17 |    70 ||    87
       Hunting sling     |       |   101 ||   101
Throw: Stone             |     5 |       ||     5
       Tomahawk          |       |     9 ||     9
       Throwing net      |       |     2 ||     2
Invok: Potion Petition   |       |     2 ||     2
  Use: Potion            |     3 |     5 ||     8
  Eat: Chunk             |     1 |     2 ||     3
       Bread ration      |       |     1 ||     1
Armor: Skin              |     2 |    15 ||    17
Dodge: Dodged            |    33 |    50 ||    83
Block: Shield            |       |    44 ||    44
